[Event "*** Titled Tuesday Blitz"]
[Site "Chess.com"]
[Date "2021.04.27"]
[Round "10"]
[White "miragha_yev"]
[Black "AlexSuv"]
[Result "1-0"]
[WhiteElo "2748"]
[BlackElo "2583"]
[TimeControl "180+1"]
[EndTime "11:53:05 PDT"]
[Termination "miragha_yev won by resignation"]

1. d4 Nf6 2. Nf3 e6 3. c4 d5 4. Nc3 Bb4 5. cxd5 exd5 6. Bg5 h6 7. Bh4 O-O 8. e3 Bf5 9. Qb3 Bxc3+ 10. Qxc3 g5 11.
Bg3 c6 12. Be2 Nbd7 13. O-O Ne4 14. Qa3 Bg4 15. Rfe1 h5 16. Bd6 Re8 17. h3 Bxf3 18. Bxf3 Qf6 19. Bxe4 Rxe4 20. Bh2 g4 21. Qd6 Qxd6 22.
Bxd6 f5 23. f3 Re6 24. Bf4 Rae8 25. a4 Rg6 26. Kf2 Kf7 27. Ra3 gxh3 28. gxh3 Reg8 29. Ke2 Rg2+ 30. Kd3 Rxb2 31. Re2 Rb1 32. Kc2 Rb4 33. Kc3 a5 34. Rb3 Rc4+ 35. Kd3 b6 36. Rc2 Rxc2 37. Kxc2 Rg2+ 38. Kd3 Re2 39. Kxe2 1-0

[Event "*** Titled Tuesday Blitz"]
[Site "Chess.com"]
[Date "2021.04.27"]
[Round "10"]
[White "friesnielsen2302"]
[Black "DFeco"]
[Result "0-1"]
[WhiteElo "2514"]
[BlackElo "2324"]
[TimeControl "180+1"]
[EndTime "11:53:07 PDT"]
[Termination "DFeco won by resignation"]

1. d4 d5 2. Nc3 Nf6 3. Bf4 c5 4. e3 a6 5. h3 Nc6 6. g4 e6 7. a3 Bd6 8. Bxd6 Qxd6 9. Nge2 O-O 10. Bg2 cxd4 11. exd4 h6 12. f4 Bd7 13. O-O Nh7 14. f5 exf5 15. gxf5 Nf6 16. Qd3 Ne7 17. Ng3 Rac8 18. Rae1 Rfe8 19. Re5 Rc4 20. Nxd5 Nexd5 21. Rxe8+ Bxe8 22. Qxc4 Qxg3 23. Qe2 Bc6 24. Qe5 Qg5 25.
Rf2 Ne3 26. h4 Qxh4 27. Qxe3 Ng4 28. Qf4 Qxf2+ 29. Qxf2 Nxf2 30. d5 Bxd5 31. Bxd5 Nd1 32. b4 b6 33. Bb7 a5 34. c4 axb4 35. axb4 Ne3 36. c5 bxc5 37. b5 Nxf5 38. b6 Nd6 39.
Bd5 Kf8 40. Kf2 Ke7 41. Ke3 Kd7 42. Kf4 f6 43. Bf3 g5+ 44. Kg4 f5+ 45. Kh5 g4 46.
Bd5 c4 0-1

[Event "*** Titled Tuesday Blitz"]
[Site "Chess.com"]
[Date "2021.04.27"]
[Round "10"]
[White "Leo_C"]
[Black "ri4mi"]
[Result "1-0"]
[WhiteElo "2471"]
[BlackElo "2307"]
[TimeControl "180+1"]
[EndTime "11:53:07 PDT"]
[Termination "Leo_C won by resignation"]

1. d4 d5 2. c4 c6 3. cxd5 cxd5 4. Bf4 Nc6 5. e3 Bf5 6. Nc3 Nf6 7. Qb3 Na5 8. Qa4+ Bd7 9. Qc2 g6 10. Bd3 Rc8 11.
Qd1 Bg7 12. Nf3 O-O 13. O-O Bg4 14. h3 Bxf3 15. Qxf3 Nc4 16. Qe2 a6 17. a4 Re8 18.
Rfc1 e6 19. Bg5 h6 20. Bh4 Qb6 21. Rab1 Na5 22. b4 Nc4 23. a5 Qc6 24. b5 Qd7 25. bxa6 bxa6 26. Qa2 Nh5 27. g4 g5 28. gxh5 gxh4 29.
Na4 Qe7 30. Kh1 Qf6 31. Qe2 Kh8 32. Nb6 Nxb6 33. axb6 Rxc1+ 34. Rxc1 e5 35. b7 Qb6 36. Rc8 Rd8 37. b8=Q Qxb8 38. Rxb8 Rxb8 39. dxe5 Bxe5 40. Qf3 d4 41. Qf5 1-0

[Event "*** Titled Tuesday Blitz"]
[Site "Chess.com"]
[Date "2021.04.27"]
[Round "10"]
[White "kakorrhaphiophobie"]
[Black "Chessbard1972"]
[Result "1-0"]
[WhiteElo "2296"]
[BlackElo "2239"]
[TimeControl "180+1"]
[EndTime "11:53:08 PDT"]
[Termination "kakorrhaphiophobie won by resignation"]

1. d4 Nf6 2. c4 g6 3. Nc3 Bg7 4. e4 O-O 5. Nf3 d6 6. Be2 Na6 7. O-O c5 8. d5 e6 9. h3 Re8 10. Bd3 Nb4 11. Bb1 exd5 12. exd5 Nh5 13. a3 Na6 14.
Bg5 Bf6 15. Be3 Bxc3 16. bxc3 f5 17. Bg5 Qd7 18. Bc2 Qf7 19. Rb1 b6 20. Ba4 Bd7 21. Bxd7 Qxd7 22. Qd2 Nc7 23. Rfe1 Re4 24. Rxe4 fxe4 25.
Nh2 Rf8 26. Re1 Qf5 27. g4 Qd7 28. gxh5 Qxh3 29. h6 Ne8 30. Rxe4 Nf6 31. Bxf6 Rxf6 32. Qe3 Qf5 33. Re8+ Rf8 34. Rxf8+ Kxf8 35. Qf3 Kf7 36. Kg2 Kf6 37. Kg3 g5 38. Ng4+ Kg6 39. Qxf5+ Kxf5 40. f3 a6 41. a4 Kg6 42. Kf2 Kh5 43. Ne3 Kg6 44. Kg3 Kxh6 45. Nf5+ Kg6 46. Nxd6 h5 47.
Nc8 Kf5 48. Nxb6 Ke5 49. Nd7+ Kd6 50. Nf6 h4+ 51. Kg4 Ke5 52. Ne4 1-0

[Event "*** Titled Tuesday Blitz"]
[Site "Chess.com"]
[Date "2021.04.27"]
[Round "10"]
[White "GregShahade"]
[Black "Ibrayevnb"]
[Result "0-1"]
[WhiteElo "2643"]
[BlackElo "2510"]
[TimeControl "180+1"]
[EndTime "11:53:09 PDT"]
[Termination "Ibrayevnb won by resignation"]

1. e4 c5 2. Nf3 d6 3. d4 cxd4 4. Nxd4 Nf6 5. Nc3 a6 6. Be3 e5 7. Nb3 Be6 8. f3 Be7 9. Qd2 Nbd7 10. O-O-O O-O 11. g4 b5 12. g5 b4 13. gxf6 bxc3 14.
Qxc3 Nxf6 15. Na5 Rc8 16. Nc6 Qd7 17. Nxe7+ Qxe7 18. Qa5 Rfd8 19. Bb6 Re8 20. Kb1 d5 21. exd5 Nxd5 22. Rxd5 Bxd5 23. Qxd5 Red8 24. Bxd8 Rxd8 25.
Qxd8+ Qxd8 26. Bxa6 g6 27. Bd3 Kg7 28. b3 f5 29. Re1 Qh4 30. Rxe5 Qxh2 31. Re1 h5 32. a4 h4 33. a5 Qd2 34. Re7+ Kf6 35. Rh7 Qxa5 36. Kb2 Qe5+ 37. Ka2 g5 38. b4 Kg6 39.
Rd7 Qe6+ 40. c4 Qxd7 0-1

[Event "*** Titled Tuesday Blitz"]
[Site "Chess.com"]
[Date "2021.04.27"]
[Round "10"]
[White "Steegersee"]
[Black "WonderChampion"]
[Result "0-1"]
[WhiteElo "2180"]
[BlackElo "2102"]
[TimeControl "180+1"]
[EndTime "11:53:09 PDT"]
[Termination "WonderChampion won on time"]

1. e4 c5 2. Nf3 g6 3. d4 cxd4 4. Nxd4 Nc6 5. Nc3 Bg7 6. Be3 Nf6 7. Bc4 O-O 8. f3 d6 9. Bb3 Bd7 10. Qd2 a6 11. O-O-O b5 12. h4 b4 13. Nce2 a5 14.
g4 Qc7 15. h5 a4 16. Bd5 b3 17. a3 bxc2 18. Qxc2 Rfc8 19. Bxc6 Bxc6 20. hxg6 fxg6 21.
Nc3 Bd7 22. g5 Nh5 23. Rxh5 gxh5 24. Kb1 Rab8 25. Qh2 Qxc3 26. Bg1 Qxa3 27. Qd2 Qb4 28. Qe2 a3 29. b3 e5 30. Ka2 exd4 31. Rd3 Bb5 32. g6 hxg6 33. Bh2 Bxd3 34. Qxd3 Qc3 35. Qd1 Qc2+ 36. Qxc2 Rxc2+ 37. Kb1 Rxh2 0-1

[Event "*** Titled Tuesday Blitz"]
[Site "Chess.com"]
[Date "2021.04.27"]
[Round "10"]
[White "Nikolaj_6"]
[Black "guillembaches"]
[Result "1-0"]
[WhiteElo "2646"]
[BlackElo "2504"]
[TimeControl "180+1"]
[EndTime "11:53:10 PDT"]
[Termination "Nikolaj_6 won on time"]

1. e4 c5 2. Nf3 d6 3. d4 cxd4 4. Nxd4 Nf6 5. Nc3 Nc6 6. Bg5 e6 7. Qd2 h6 8. Be3 Ng4 9. Nxc6 bxc6 10. Bf4 e5 11. Bg3 Be7 12. h3 Nf6 13. Bc4 O-O 14. O-O Nh5 15. Bh2 Bg5 16. Qd3 Bf4 17. Rad1 Qg5 18.
Ne2 Rd8 19. Bxf4 exf4 20. Nd4 Qc5 21. b4 Qb6 22. Qf3 Nf6 23. Qxf4 Bb7 24. c3 d5 25. exd5 cxd5 26. Bd3 Ne4 27. Bxe4 dxe4 28. Nf5 Qf6 29. Qg4 Kh7 30. Nd4 Re8 31. Qf5+ Qxf5 32. Nxf5 Rec8 33.
Rd7 Ba6 34. Rc1 Kg6 35. Ne7+ Kf6 36. Nxc8 Rxc8 37. Rd6+ 1-0

[Event "*** Titled Tuesday Blitz"]
[Site "Chess.com"]
[Date "2021.04.27"]
[Round "10"]
[White "andrewtnb"]
[Black "ShahMatKanal"]
[Result "0-1"]
[WhiteElo "2259"]
[BlackElo "2423"]
[TimeControl "180+1"]
[EndTime "11:53:10 PDT"]
[Termination "ShahMatKanal won on time"]

1. d4 d5 2. c4 c6 3. cxd5 cxd5 4.
Nf3 Nc6 5. Nc3 a6 6. Bf4 Nf6 7.
Rc1 e6 8. e3 Bd6 9. Bxd6 Qxd6 10. Be2 O-O 11. O-O b5 12. a4 b4 13. Nb1 a5 14. Nbd2 Ba6 15. Bxa6 Rxa6 16. Nb3 Ne4 17. Nfd2 f5 18. f3 Nf6 19. Nc5 Ra7 20. Ndb3 e5 21. dxe5 Nxe5 22. Qd4 Nc6 23. Qd3 Qe5 24. Rfd1 g6 25.
Nd4 Ne7 26. Nb5 Raa8 27. Qd4 Qb8 28. Ne6 Rf7 29. Nbc7 Ra7 30. Nb5 Rd7 31. Nc5 Rd8 32.
Ne6 Re8 33. Rc2 f4 34. Nxf4 Nf5 35. Qd3 Nxe3 0-1

[Event "*** Titled Tuesday Blitz"]
[Site "Chess.com"]
[Date "2021.04.27"]
[Round "10"]
[White "Grineva_Marianna"]
[Black "VinzentSpitzl"]
[Result "0-1"]
[WhiteElo "2246"]
[BlackElo "2406"]
[TimeControl "180+1"]
[EndTime "11:53:10 PDT"]
[Termination "VinzentSpitzl won by checkmate"]

1. e4 f5 2. exf5 Nf6 3. d4 d5 4.
Bd3 Nc6 5. c3 e5 6. fxe6 Bxe6 7. Ne2 Bd6 8. Bg5 O-O 9. Nd2 Qd7 10. Qc2 h6 11. Bxf6 Rxf6 12. Ng3 Raf8 13. O-O Qf7 14. Nb3 Ne7 15. Rae1 Ng6 16. Nh5 Nf4 17.
Nxf6+ Qxf6 18. Re3 Qh4 19. Rg3 Nh5 20. Bh7+ Kh8 21. Re1 Nxg3 22. Rxe6 Ne2+ 23. Kf1 Nf4 24. Rxd6 Qxh2 25. f3 Qh1+ 26. Kf2 Qxg2+ 27. Ke3 Re8+ 28. Kxf4 Qg5# 0-1

[Event "*** Titled Tuesday Blitz"]
[Site "Chess.com"]
[Date "2021.04.27"]
[Round "10"]
[White "chessbia"]
[Black "Keks2017"]
[Result "0-1"]
[WhiteElo "2341"]
[BlackElo "2475"]
[TimeControl "180+1"]
[EndTime "11:53:12 PDT"]
[Termination "Keks2017 won on time"]

1. d4 d6 2. c4 e5 3. Nc3 Nd7 4. g3 Ngf6 5. Bg2 g6 6. e4 Bg7 7. Nf3 O-O 8. O-O exd4 9. Nxd4 Re8 10. Re1 a6 11. h3 Rb8 12. Bg5 h6 13. Be3 Ne5 14.
b3 c5 15. Nde2 b5 16. cxb5 axb5 17. Rb1 b4 18. Na4 Ba6 19. Nf4 Bb5 20. Nb2 Ra8 21.
Ra1 Ra6 22. Qc2 Qa8 23. Red1 Bf8 24. Nbd3 Nxd3 25. Nxd3 Nxe4 26. Nf4 Bc6 27. Bf1 Ra7 28. h4 Nc3 29. Re1 Rae7 30. Qd2 Ne4 31. Qc2 Bg7 32. Rad1 Nxg3 33. fxg3 Rxe3 34. Rxe3 Rxe3 35. Rd3 Qe8 36. Kh2 Bd4 37. Rxe3 Qxe3 0-1

[Event "*** Titled Tuesday Blitz"]
[Site "Chess.com"]
[Date "2021.04.27"]
[Round "10"]
[White "juancruzarias"]
[Black "DeTimmerman"]
[Result "1/2-1/2"]
[WhiteElo "2615"]
[BlackElo "2796"]
[TimeControl "180+1"]
[EndTime "11:53:15 PDT"]
[Termination "Game drawn by repetition"]

1. d4 Nf6 2. Nf3 e6 3. e3 d5 4. Bd3 Be7 5. O-O O-O 6. Nbd2 b6 7. Qe2 Bb7 8. Ne5 Nbd7 9. f4 Ne4 10. b3 f6 11. Nxd7 Qxd7 12. Nxe4 dxe4 13. Bc4 Bd5 14. Bxd5 exd5 15. Bb2 f5 16. c4 c6 17. Rac1 Rfc8 18.
Rc2 Rc7 19. Rfc1 Rac8 20. Qh5 g6 21. Qe2 b5 22. Qd2 bxc4 23. bxc4 Rb7 24. Qa5 Rcb8 25.
Ba3 Bd8 26. Qa4 g5 27. g3 h5 28. cxd5 cxd5 29. Rc6 g4 30. Bd6 Rc8 31. Be5 Rxc6 32. Rxc6 h4 33. gxh4 Bxh4 34. Qa6 Kf7 35. Rh6 Rb1+ 36.
Kg2 Rb2+ 37. Kf1 Rb6 38. Rxb6 axb6 39. Qxb6 Qa4 40. Qb7+ Ke8 41. Qc8+ Ke7 42. Qc7+ Ke8 43. Qc8+ Ke7 44. Qc5+ Ke8 45. Qc8+ 1/2-1/2

[Event "*** Titled Tuesday Blitz"]
[Site "Chess.com"]
[Date "2021.04.27"]
[Round "10"]
[White "chesslh19"]
[Black "esrosenberg"]
[Result "0-1"]
[WhiteElo "2254"]
[BlackElo "2199"]
[TimeControl "180+1"]
[EndTime "11:53:15 PDT"]
[Termination "esrosenberg won on time"]

1. e4 e5 2. Nf3 Nc6 3. Bb5 Nf6 4. O-O Nxe4 5. d4 Be7 6. Qe2 Nd6 7. Bxc6 bxc6 8.
dxe5 Nb7 9. c4 O-O 10. Nc3 f6 11. b3 fxe5 12. Nxe5 Bf6 13. Bb2 Nc5 14. Nd3 Ne6 15. Ne4 Bxb2 16. Qxb2 d5 17. Nec5 Nxc5 18. Nxc5 Qg5 19.
Qc1 Qg6 20. Qe3 Bg4 21. f3 Rae8 22. Qf2 Bxf3 23. Qg3 Qxg3 24. hxg3 Bg4 25. Rxf8+ Rxf8 26. cxd5 cxd5 27. Rf1 Rxf1+ 28. Kxf1 Kf7 29. Kf2 Ke7 30. Ke3 Kd6 31. Kd4 Bf5 32. b4 Bb1 33. a3 Ba2 34.
Nd3 Bc4 35. Nf4 c6 36. a4 g5 37. Nh5 Bf1 38. Nf6 h6 39. Ng8 h5 40. Nf6 h4 41.
Nh7 hxg3 42. Nxg5 Bxg2 0-1

[Event "*** Titled Tuesday Blitz"]
[Site "Chess.com"]
[Date "2021.04.27"]
[Round "10"]
[White "Vigorito-NE"]
[Black "olksuna"]
[Result "0-1"]
[WhiteElo "2471"]
[BlackElo "2640"]
[TimeControl "180+1"]
[EndTime "11:53:16 PDT"]
[Termination "olksuna won on time"]

1. d4 Nf6 2. c4 e6 3. g3 d5 4. Nf3 Bb4+ 5. Bd2 Be7 6. Bg2 O-O 7. O-O Nbd7 8. Qc2 c6 9. Bf4 b6 10. Rd1 Ba6 11. Ne5 Nxe5 12. dxe5 Nd7 13. cxd5 cxd5 14. e4 Rc8 15. Nc3 d4 16. Rxd4 Bc5 17. Rd2 Qc7 18. Qa4 Nb8 19. Rad1 Rcd8 20. h4 h6 21.
h5 Rxd2 22. Rxd2 Rd8 23. Qd1 Rxd2 24. Qxd2 Qd7 25. Bf1 Bxf1 26. Kxf1 Qc8 27. a3 Nc6 28. Nb5 Qa6 29. Qe2 Qa4 30. b4 Bf8 31. Kg2 a6 32.
Nd6 Qxa3 33. Qg4 Qxb4 34. Bxh6 Nxe5 0-1

[Event "*** Titled Tuesday Blitz"]
[Site "Chess.com"]
[Date "2021.04.27"]
[Round "10"]
[White "noblerone"]
[Black "InvisibleWarrior2252"]
[Result "0-1"]
[WhiteElo "2400"]
[BlackElo "2559"]
[TimeControl "180+1"]
[EndTime "11:53:16 PDT"]
[Termination "InvisibleWarrior2252 won on time"]

1. d4 Nf6 2. Nf3 g6 3. Bg5 d5 4. Nbd2 Bg7 5. e3 O-O 6. Be2 b6 7. O-O Bb7 8. a4 a6 9. c3 c5 10.
Ne5 Nc6 11. f4 Rc8 12. Bh4 Ne4 13. Nxe4 dxe4 14. Nxc6 Rxc6 15. dxc5 Rxc5 16. Qxd8 Rxd8 17. Bxe7 Rd2 18. Bxc5 bxc5 19. Rf2 Rxb2 20. Bc4 Rb6 21. Rc1 Rd6 22. Rb2 Rd7 23. Kf2 Bf6 24. Ke2 Bc8 25. Rb8 Rd8 26. Rcb1 Kg7 27. h3 Bxc3 28. Kf2 Bb4 29.
Be2 Kf6 30. Rd1 Rxd1 31. Bxd1 Be6 32. Be2 a5 33. Rb6 Ke7 34. g4 Bb3 35. Bb5 c4 36. Rc6 c3 37. f5 c2 38. Ke2 Ba3 39. Kd2 c1=Q+ 40. Rxc1 Bxc1+ 41. Kxc1 gxf5 42. gxf5 Kf6 43. Bd7 Kg5 44. Kd2 Kh4 45. f6 Kg5 0-1

[Event "*** Titled Tuesday Blitz"]
[Site "Chess.com"]
[Date "2021.04.27"]
[Round "10"]
[White "Jungle_Jaguar"]
[Black "Nafania1"]
[Result "1-0"]
[WhiteElo "2696"]
[BlackElo "2561"]
[TimeControl "180+1"]
[EndTime "11:53:17 PDT"]
[Termination "Jungle_Jaguar won by checkmate"]

1. e4 e6 2. d4 d5 3. Nc3 h6 4.
Nf3 Nf6 5. Bd3 Bb4 6. e5 Ne4 7. O-O Nxc3 8. bxc3 Bxc3 9. Rb1 Nc6 10. Ba3 a5 11. Bb5 Bd7 12. Bxc6 Bxc6 13. Ne1 Bb4 14. Bxb4 axb4 15. Nd3 b6 16. Nxb4 Bb5 17. Re1 O-O 18. Rb3 Bc4 19. Rg3 c5 20. dxc5 bxc5 21. Nd3 Bxd3 22.
cxd3 Rxa2 23. Qc1 Kh7 24. Qxc5 Qa5 25. Qe3 Qd2 26. h4 Qxe3 27. Rexe3 Rc8 28. Ref3 Rc7 29.
h5 Rd2 30. Kh2 Kg8 31. Rg4 Rc3 32. Rfg3 Rxf2 33. Rxg7+ Kf8 34. Rh7 Rd2 35. Rf3 Rdxd3 36.
Rfxf7+ Kg8 37. Rfg7+ Kf8 38. Rg6 Rd2 39. Rxe6 Rcc2 40.
Rg6 d4 41. e6 Re2 42. Rf7+ Ke8 43. Rg8# 1-0

[Event "*** Titled Tuesday Blitz"]
[Site "Chess.com"]
[Date "2021.04.27"]
[Round "10"]
[White "Mihnea2017"]
[Black "Piotrek1979"]
[Result "1-0"]
[WhiteElo "2479"]
[BlackElo "2347"]
[TimeControl "180+1"]
[EndTime "11:53:17 PDT"]
[Termination "Mihnea2017 won by resignation"]

1. e4 c6 2. Nc3 d5 3. Nf3 dxe4 4. Nxe4 Nf6 5. Qe2 Bg4 6. Nxf6+ gxf6 7. g3 e6 8. Bg2 Nd7 9. d3 Bd6 10. Qe4 h5 11. Bf4 Nc5 12. Qe3 Qa5+ 13. Qd2 Qxd2+ 14. Bxd2 Bf5 15. Nh4 Bh7 16. a4 a5 17. b3 Ke7 18.
Bf3 Nd7 19. Ng2 Bg6 20. Nf4 Bb4 21. c3 Bd6 22. Nxg6+ fxg6 23. h4 Nc5 24. Be2 Nxb3 25. Rb1 Nxd2 26. Rxb7+ Kd8 27. Kxd2 Rb8 28. Rhb1 Kc8 29.
Rxb8+ Bxb8 30. d4 Kc7 31. Ba6 Kd6 32. Rb7 g5 33. Rg7 gxh4 34. gxh4 e5 35. Be2 exd4 36. cxd4 Ke6 37. Bf3 Bd6 38. Bxc6 Rc8 39. Bd7+ Kd5 40. Bxc8 1-0

[Event "*** Titled Tuesday Blitz"]
[Site "Chess.com"]
[Date "2021.04.27"]
[Round "10"]
[White "Sam_ChessMood"]
[Black "GM_dmitrij"]
[Result "1-0"]
[WhiteElo "2926"]
[BlackElo "2963"]
[TimeControl "180+1"]
[EndTime "11:53:18 PDT"]
[Termination "Sam_ChessMood won by checkmate"]

1. e4 e5 2. Nf3 Nc6 3. Bb5 a6 4. Ba4 Nf6 5. O-O Bc5 6. c3 b5 7.
Bb3 d6 8. a4 Bb7 9. d3 O-O 10.
Bg5 h6 11. Bxf6 Qxf6 12. Bd5 Rfb8 13. b4 Bb6 14. Nbd2 Nd8 15. Bxb7 Nxb7 16. Ra2 Rd8 17.
Qa1 Rab8 18. c4 c6 19. axb5 axb5 20. Ra6 Bc7 21. Rxc6 Rd7 22. Qa7 Qd8 23. cxb5 d5 24.
Rfc1 Bd6 25. Qxb8 Qxb8 26. Rc8+ Qxc8 27. Rxc8+ Kh7 28. b6 dxe4 29. Nxe4 Bxb4 30. Nxe5 Rd5 31. Nxf7 Rxd3 32. h4 Rd1+ 33. Kh2 Rd4 34. f3 Ba5 35. h5 Bxb6 36. Rh8# 1-0

[Event "*** Titled Tuesday Blitz"]
[Site "Chess.com"]
[Date "2021.04.27"]
[Round "10"]
[White "KuzubovYuriy"]
[Black "Oleksandr_Bortnyk"]
[Result "1-0"]
[WhiteElo "2874"]
[BlackElo "2952"]
[TimeControl "180+1"]
[EndTime "11:53:18 PDT"]
[Termination "KuzubovYuriy won by resignation"]

1. d4 d6 2. Nf3 Nf6 3. Nbd2 g6 4.
e4 Bg7 5. Be2 O-O 6. O-O c5 7.
dxc5 dxc5 8. c3 Nc6 9. Re1 Qc7 10.
Qc2 Bg4 11. h3 Bxf3 12. Nxf3 Rad8 13. g3 Nd7 14. Kg2 a6 15. Bf4 Nde5 16. Red1 e6 17.
a4 Qa5 18. Nxe5 Nxe5 19. Bg5 Rxd1 20. Rxd1 Qc7 21. Be3 Qc6 22. f4 Nd7 23. Bf3 e5 24. Qd3 exf4 25. gxf4 Nb6 26. a5 Nc8 27. Qd5 Qb5 28. Rd2 Bf6 29. Qxc5 Qb3 30. Bd1 Qe6 31. Qd5 Qe8 32. Qxb7 Bh4 33. Bf3 Qe6 34. Bc5 Re8 35. Qd7 Rd8 36. Qxd8+ Bxd8 37. Rxd8+ Kg7 38. Bf8+ Kf6 39.
e5+ 1-0

[Event "*** Titled Tuesday Blitz"]
[Site "Chess.com"]
[Date "2021.04.27"]
[Round "10"]
[White "IMRosen"]
[Black "Das_Virus_2020"]
[Result "1-0"]
[WhiteElo "2675"]
[BlackElo "2513"]
[TimeControl "180+1"]
[EndTime "11:53:18 PDT"]
[Termination "IMRosen won by resignation"]

1. d4 Nf6 2. Bf4 c5 3. e3 Qb6 4. Na3 d6 5. Nc4 Qc7 6. a4 g6 7. Nf3 Bg7 8. c3 O-O 9. Be2 cxd4 10. exd4 Be6 11. Ncd2 Nc6 12. O-O Na5 13. h3 Rac8 14. Re1 Rfe8 15. Bb5 Bd7 16. Bf1 a6 17. Qb1 Bf5 18.
Qa2 Nc6 19. Ng5 Rf8 20. Bc4 Nd8 21. g4 h6 22. Nxf7 Nxf7 23. gxf5 g5 24. Bg3 Nh5 25.
Be6 Rce8 26. Ne4 Nf6 27. Re2 Nxe4 28. Rxe4 Bf6 29. Rae1 Kg7 30. c4 Nd8 31. c5 Nxe6 32. Rxe6 Qc6 33. cxd6 exd6 34. d5 Qb6 35. Rxe8 Rxe8 36.
Rxe8 1-0

[Event "*** Titled Tuesday Blitz"]
[Site "Chess.com"]
[Date "2021.04.27"]
[Round "10"]
[White "NoboaKevin1999"]
[Black "KeithArkell"]
[Result "0-1"]
[WhiteElo "2451"]
[BlackElo "2603"]
[TimeControl "180+1"]
[EndTime "11:53:18 PDT"]
[Termination "KeithArkell won on time"]

1. d4 e6 2. c4 Bb4+ 3. Nc3 c5 4. e3 Bxc3+ 5. bxc3 f5 6. f3 Nf6 7. Bd3 d6 8. Ne2 e5 9. O-O Nc6 10. Qc2 g6 11. e4 f4 12. a4 g5 13. a5 O-O 14. a6 b6 15. Bb2 Kh8 16. Rfd1 Rg8 17.
g4 fxg3 18. Nxg3 g4 19. Be2 Qe8 20. dxe5 Nxe5 21. Rxd6 Qe7 22. Rad1 gxf3 23. Bf1 Bg4 24. Bc1 f2+ 25. Qxf2 Bxd1 26. Rxf6 Raf8 27. Bg5 Bf3 28. Rxf3 Nxf3+ 29. Qxf3 Qxg5 30. Qe2 Qe5 31. Kh1 Rxg3 32.
hxg3 Qxg3 33. Bg2 Rf2 0-1

[Event "*** Titled Tuesday Blitz"]
[Site "Chess.com"]
[Date "2021.04.27"]
[Round "10"]
[White "Guzman70"]
[Black "WuinaterJr"]
[Result "0-1"]
[WhiteElo "2293"]
[BlackElo "2500"]
[TimeControl "180+1"]
[EndTime "11:53:19 PDT"]
[Termination "WuinaterJr won by resignation"]

1. e4 c5 2. Nc3 d6 3. Nf3 a6 4. d4 cxd4 5. Nxd4 Nf6 6. Bc4 e6 7. Be3 Be7 8. f3 O-O 9. Qe2 b5 10. Bb3 Bb7 11. g4 Nbd7 12. g5 Nh5 13. f4 g6 14. Nxe6 fxe6 15. Bxe6+ Kh8 16. Bd4+ Ng7 17. h4 Rxf4 18. h5 Ne5 19. O-O-O Bxg5 20. Kb1 Qf6 21. Bb3 Nxh5 22. Rxh5 gxh5 23. Qxh5 Rh4 24. Qe2 Rf8 25. Nd5 Bxd5 26. Bxd5 Qf3 27. Qe1 Rhf4 28. a4 Qxd1+ 29.
Qxd1 Rf1 30. Qxf1 Rxf1+ 31. Ka2 h5 32. Bb7 h4 33. Bxa6 h3 34. axb5 h2 35. b6 h1=Q 36.
b7 Rf8 37. Ba7 Qxe4 38. b4 Qxb4 39. Bd4 Qxd4 0-1

[Event "*** Titled Tuesday Blitz"]
[Site "Chess.com"]
[Date "2021.04.27"]
[Round "10"]
[White "annacramling"]
[Black "gxbg2000"]
[Result "1-0"]
[WhiteElo "2076"]
[BlackElo "1958"]
[TimeControl "180+1"]
[EndTime "11:53:20 PDT"]
[Termination "annacramling won by resignation"]

1. d4 Nf6 2. c4 d5 3. cxd5 Nxd5 4.
e4 Nf6 5. Nc3 e6 6. Bg5 Be7 7.
Nf3 O-O 8. Bd3 Nbd7 9. O-O b6 10.
Rc1 Bb7 11. Bb1 c5 12. e5 Nd5 13. Qd3 g6 14. Bh6 Re8 15. Ne4 f5 16. exf6 N5xf6 17. Nfg5 Nxe4 18. Nxe4 Nf6 19. Ng5 Bd5 20. Nxh7 Ne4 21.
f3 Kxh7 22. fxe4 Bb7 23. e5 Qxd4+ 24. Qxd4 cxd4 25. Bd2 Bc5 26. Rf7+ Kg8 27. Rxb7 Rad8 28. Bg5 Re7 29. Bxe7 Bxe7 30. Rxe7 d3 31. Rd1 d2 32. Bxg6 Rd5 33. Rxe6 Kg7 34. Rd6 Rxe5 35. R1xd2 Re1+ 36. Kf2 Re7 37. Bf5 Re5 38. Rd7+ Kf6 39. g4 Kg5 40. h3 Kf4 41. R2d4+ Kg5 42. Kf3 Re1 43. Rg7+ Kf6 44.
Rdd7 Ke5 45. Rge7+ Kf6 46. Rxe1 a5 47. Kf4 1-0

[Event "*** Titled Tuesday Blitz"]
[Site "Chess.com"]
[Date "2021.04.27"]
[Round "10"]
[White "Nuvas"]
[Black "Caterpiller35"]
[Result "1-0"]
[WhiteElo "2630"]
[BlackElo "2479"]
[TimeControl "180+1"]
[EndTime "11:53:21 PDT"]
[Termination "Nuvas won by resignation"]

1. d4 Nf6 2. c4 e6 3. Nc3 Bb4 4. Qc2 d5 5. cxd5 exd5 6. Bg5 c5 7. dxc5 Be6 8. e3 h6 9. Bh4 Nbd7 10. a3 Bxc5 11. Nf3 Rc8 12. Bd3 O-O 13. O-O Be7 14. Rad1 Bg4 15. Bf5 Bxf3 16. gxf3 Ne5 17. Qe2 Rc5 18.
f4 Nc6 19. Nb5 Re8 20. b4 Rc4 21. Bd3 Qc8 22. Bxf6 Bxf6 23. Nd6 Qh3 24. Nxe8 Be5 25. Bxc4 dxc4 26. fxe5 Nxe5 27. f4 Ng4 28. Rf3 Qh5 29.
Rg3 f5 30. Qxc4+ Kh7 31. Qe2 Qxe8 32. Rxg4 fxg4 33. Qd3+ 1-0

[Event "*** Titled Tuesday Blitz"]
[Site "Chess.com"]
[Date "2021.04.27"]
[Round "10"]
[White "mr65"]
[Black "JoseRemolar"]
[Result "1-0"]
[WhiteElo "2229"]
[BlackElo "2428"]
[TimeControl "180+1"]
[EndTime "11:53:21 PDT"]
[Termination "mr65 won by checkmate"]

1. e4 c5 2. Ne2 d6 3. d4 cxd4 4. Nxd4 Nf6 5. Nc3 a6 6. f4 e6 7. Bd3 b5 8. a3 Bb7 9. O-O Be7 10. Kh1 Nbd7 11. Qe2 Qc7 12. Be3 h5 13. f5 e5 14.
Nf3 h4 15. Bg5 Nh5 16. Be3 Ndf6 17. Nxh4 d5 18. exd5 Nxd5 19. Nxd5 Bxd5 20. f6 Bxf6 21. Rxf6 Nxf6 22. Nf5 e4 23. Bg1 O-O-O 24. Rd1 exd3 25.
Rxd3 Rde8 26. Qf2 Qb7 27. Nd6+ Kb8 28. Nxb7 Bxb7 29. Qa7+ Kc8 30. Rc3+ Kd8 31. Qxb7 Ng4 32. Rc8# 1-0

[Event "*** Titled Tuesday Blitz"]
[Site "Chess.com"]
[Date "2021.04.27"]
[Round "10"]
[White "Roedor"]
[Black "eltrain1971"]
[Result "0-1"]
[WhiteElo "2278"]
[BlackElo "2236"]
[TimeControl "180+1"]
[EndTime "11:53:21 PDT"]
[Termination "eltrain1971 won on time"]

1. d4 c5 2. d5 e6 3. c4 exd5 4. cxd5 d6 5. Nc3 Be7 6. Nf3 Bf6 7. g3 Ne7 8. Bg2 Ng6 9. O-O O-O 10. e4 Re8 11. Re1 a6 12. a4 Nd7 13.
Qc2 h5 14. Ra3 h4 15. a5 Nde5 16. Nxe5 Bxe5 17. Ne2 hxg3 18. hxg3 Bg4 19. f3 Bd7 20.
f4 Bf6 21. Be3 b5 22. axb6 Qxb6 23. Rb3 Qc7 24. Nc3 Reb8 25. Rxb8+ Rxb8 26. Qe2 Rb4 27. e5 dxe5 28. Ne4 exf4 29. Nxf6+ gxf6 30. gxf4 Nxf4 31. Qf2 Nxg2 32. d6 Qc6 33. Qxf6 Rg4 34. Bh6 Nxe1+ 35. Kf2 Qf3+ 36. Kxe1 Qxf6 0-1

[Event "*** Titled Tuesday Blitz"]
[Site "Chess.com"]
[Date "2021.04.27"]
[Round "10"]
[White "Manukyan_Artak"]
[Black "tusplingher"]
[Result "1-0"]
[WhiteElo "2457"]
[BlackElo "2284"]
[TimeControl "180+1"]
[EndTime "11:53:22 PDT"]
[Termination "Manukyan_Artak won by resignation"]

1. e4 c5 2. Nf3 g6 3. c3 d5 4. exd5 Qxd5 5. d4 Bg7 6. Be3 Nf6 7. dxc5 Qxd1+ 8. Kxd1 Ng4 9. Nbd2 Nxe3+ 10. fxe3 O-O 11. Nb3 a5 12. a4 Bg4 13. h3 Bxf3+ 14. gxf3 Nc6 15.
Bb5 Ne5 16. Ke2 Rfd8 17. Rhd1 Rdc8 18. f4 Nc6 19. Rd7 Rab8 20. Ra2 e5 21. Bxc6 Rxc6 22. fxe5 Bxe5 23. Rd5 Bc7 24. Nd4 Rf6 25. Nb5 Bg3 26.
Kd3 Re8 27. b4 Rf3 28. Re2 axb4 29. cxb4 Bf4 30. Nd6 Re7 31. Kc4 Bxe3 32. Rd3 f5 33. Kb5 f4 34. h4 Rf1 35. Nc4 Rb1 36. Nxe3 Re4 37. Kb6 Rbxb4+ 38. Kc7 fxe3 39. Rdxe3 Rec4 40. Re5 b6 41. c6 Rxa4 42. Kb7 Rxh4 43. c7 Rhc4 44.
c8=Q+ Rxc8 45. Kxc8 Kg7 46. Rb5 Rc4+ 47. Kb7 g5 48.
Rxg5+ Kf6 49. Rb5 Kg6 50. Rxb6+ Kg5 51. Rh2 h5 52. Rb5+ Kg4 53. Rbxh5 Kg3 54. R5h3+ Kg4 55.
Rh4+ 1-0